cohdb
Replays
Latest Replays
All Replays
Popular Replays
Top Player Replays
Match Explorer
How It Works
Community
CoH3 Stats
Reddit
Sign in to upload your games and track your stats! →
Sign in with Steam
Match 35646403
Unlisted
Match 35646403
Overview
Messages
Build Orders
End
Kettenkrad Recon Vehicle
Construct Infanterie Kompanie
MG 42 Machine Gun Team
Grenadier Squad
Selects Mechanized Battlegroup
GrW 34 Mortar Team
Construct Panzergrenadier Kompanie
Medical Station
251 Medium Carrier
Pak 40 Anti-tank Gun Team
Support Elements
Selects Mobile Repair Stations
Nebelwerfer 42 Rocket Launcher Team
Infanterie Officer Quarters
Construct Panzer Kompanie
Selects Stoßtruppen Assault Package
Stoßtruppen Squad
Panzer Officer Quarters
Selects Raid Package
Stoßtruppen Squad
Side Skirts
Construct Luftwaffe Kompanie
Panzer IV Medium Tank
Selects StuG Assault Group
Selects UNKNOWN (2160084)
Panther Heavy Tank
izkaaandar
ParazituRO
DamnLuck
CaptainKelly
Field marshal Prince
柠檬可乐加冰
0
0
Comments
sign in to comment!
No comments posted yet!